Unix NetHack Version 5.0.0-0 post-release - last build May 10 2026 23:12:36 (d1fa5d53e341ca933230fdaa984d921c805b60aa,branch:main).

Game began 2026-05-11 04:31:19, ended 2026-05-11 04:36:17.

Gregony, neutral male human Barbarian

                                                           .
                                                       --...
                                                       |....
                                                   -----%....
                                                  .|.|.......
                                                 |)%.*.......
                                                  -@..%.....
                                              ..---........
                                              .<..........
                                              ......

Gregony the Pillager       St:18 Dx:18 Co:17 In:9 Wi:7 Ch:6  Neutral
Dlvl:3  $:16 HP:0(27) Pw:8(8) AC:7  Xp:3 T:801 

Latest messages:
 The world spins and goes dark.
 You are conscious again.
 The jackal bites!
 You kill the jackal!
 You kill the jackal!
 You hear the chime of a cash register.
 You descend the stairs.
 You climb up the stairs.
 You descend the stairs.
 You swap places with Idefix.
 You are hit by an aklys!
 The aklys returns to its hand!
 You hear crashing rock.
 You kill the gnome!
 Welcome to experience level 2.
 The gnome just misses!
 You kill the gnome!
 You hear crashing rock.
 The gnome hits!
 You kill the gnome!
 You hear some noises.
 k - a partly used candle (lit).
 You hear some noises in the distance.
 You have a sad feeling for a moment, then it passes.
 You hear crashing rock.
 You hear crashing rock.
 You kill the gnome!
 Welcome to experience level 3.
 You hear crashing rock.
 You hear crashing rock.
 You see here a brilliant blue potion.
 l - a brilliant blue potion.
 You see here a little dog corpse named Idefix.
 The gnome hits!
 You kill the gnome!
 The dwarf swings his pick-axe.
 The dwarf hits!
 You kill the dwarf!
 m - a pair of iron shoes.
 n - a dwarvish cloak.
 o - a pick-axe.
 You kill the gnome lord!
 You are hit by an arrow.
 You are hit by an arrow!
 You die...
 Do you want your possessions identified? [ynq] (y)
 Do you want to see your attributes? [ynq] (y)
 Do you want an account of creatures vanquished? [ynaq] (y)
 Do you want to see your conduct and achievements? [ynq] (y)
 Do you want to see the dungeon overview? [ynq] (y)

Inventory:
 Coins    ('$')
  $ - 16 gold pieces
 Weapons  (')')
  a - a +1 battle-axe (weapon in hands)
  b - a +0 short sword (alternate weapon; not wielded)
 Armor    ('[')
  m - an uncursed +0 pair of iron shoes
  n - a cursed +0 dwarvish cloak
  c - an uncursed +0 ring mail (being worn)
 Comestibles  ('%')
  d - 2 uncursed food rations
  i - an uncursed fortune cookie
  e - a cursed egg
 Potions  ('!')
  l - an uncursed potion of speed
 Tools    ('(')
  j - a cursed blindfold
  o - a +0 pick-axe
  k - an uncursed partly used tallow candle (lit)

Gregony the Barbarian's attributes:

Background:
 You were a Pillager, a level 3 male human Barbarian.
 You were neutral, on a mission for Crom
 who was opposed by Mitra (lawful) and Set (chaotic).
 You were right-handed.
 You were in the Gnomish Mines, on level 3.
 You entered the dungeon 801 turns ago.
 It was nighttime.
 You had 74 experience points, 6 more were needed to attain level 4.

Basics:
 You had 0 out of 27 hit points.
 You had all 8 energy points (spell power).
 Your armor class was 7.
 Your wallet contained 16 zorkmids.
 Autopickup was off.

Final Characteristics:
 Your strength was 18 (limit:18/100).
 Your dexterity was 18 (limit:18).
 Your constitution was 17 (limit:18).
 Your intelligence was 9 (limit:18).
 Your wisdom was 7 (limit:18).
 Your charisma was 6 (limit:18).

Final Status:
 You weren't hungry.
 You were unencumbered.
 You were wielding an axe.
 You had basic skill with axe.

Final Attributes:
 You were devoutly aligned.
 You were poison resistant.
 You were warded.
 You are dead.

Miscellaneous:
 You didn't encounter any bones levels.
 Total elapsed playing time was 4 minutes and 58 seconds.

Major events:
 Turn
    1: Gregony the neutral male human Barbarian entered the dungeon
  767: entered the Gnomish Mines
  786: attained the rank of Pillager (level 3)
  801: killed by an arrow

You didn't know any spells.

Skills:
 Fighting Skills
   bare handed combat [Basic]
   two weapon combat  [Unskilled]
   riding             [Unskilled]
 Weapon Skills
   dagger             [Unskilled]
   axe                [Basic]
   pick-axe           [Unskilled]
   short sword        [Basic]
   broadsword         [Unskilled]
   long sword         [Unskilled]
   two-handed sword   [Unskilled]
   saber              [Unskilled]
   club               [Unskilled]
   mace               [Unskilled]
   morning star       [Unskilled]
   flail              [Unskilled]
   hammer             [Unskilled]
   quarterstaff       [Unskilled]
   spear              [Unskilled]
   trident            [Unskilled]
   bow                [Unskilled]
 Spellcasting Skills
   attack spells      [Unskilled]
   escape spells      [Unskilled]

Voluntary challenges:
 Character rerolling was not enabled.
 You were an atheist.
 You never genocided any monsters.
 You never polymorphed an object.
 You never changed form.
 You used no wishes.
Achievements:
 You entered a shop.
 You entered the Gnomish Mines.
 You attained the rank of Pillager.

 The Dungeons of Doom: levels 1 to 2
    Level 1:
    Level 2:
       A general store, a fountain, a sink.
       Stairs down to The Gnomish Mines.
 The Gnomish Mines:
    Level 3: <- You were here.
       Final resting place for
          you, killed by an arrow.


Vanquished creatures:
  a gnome leader
  a little dog
  a dwarf
  5 gnomes
  5 jackals
  a grid bug
  a lichen
  4 newts
19 creatures vanquished.

No species were genocided or became extinct.

Game over:
                       ----------
                      /          \
                     /    REST    \
                    /      IN      \
                   /     PEACE      \
                  /                  \
                  |     Gregony      |
                  |      16 Au       |
                  |   killed by an   |
                  |      arrow       |
                  |                  |
                  |                  |
                  |       2026       |
                 *|     *  *  *      | *
        _________)/\\_//(\/(/\)/\//\/|_)_______

Goodbye Gregony the Barbarian...

You died in The Gnomish Mines on dungeon level 3 with 421 points,
and 16 pieces of gold, after 801 moves.
You were level 3 with a maximum of 27 hit points when you died.

